 Dungeon Crawl Stone Soup version 0.31-a0-1591-g515db51633 (webtiles) character file.

Game seed: 1474771470684697078

135 Flugslaktarn the Apothecary (level 5, 5/31 HPs)
             Began as an Octopode Alchemist on Jan 6, 2024.
             Quit the game in a sewer.
             The game lasted 00:02:32 (927 turns).

Flugslaktarn the Apothecary (Octopode Alchemist)     Turns: 927, Time: 00:02:32

Health: 5/31       AC:  1    Str:  7 (8)  XL:     5   Next: 18%
Magic:  5/9        EV: 13    Int: 18 (19) God:
Gold:   15         SH:  0    Dex: 11 (12) Spells: 1/10 levels left

rFire   . . .        c - +1 dagger (venom)
rCold   . . .        (no shield)
rNeg    . . .        (helmet restricted)
rPois   .            (no amulet)
rElec   .            (no ring)
rCorr   .            (no ring)
SInv    .            (no ring)
Will    .....        (no ring)
Stlth   ++++         (no ring)
HPRegen 0.25/turn    (no ring)
MPRegen 0.11/turn    (no ring)
                     (no ring)

%: no passive effects
@: lethally poisoned (5 -> -3), very slightly contaminated
A: almost no armour, amphibious, 8 rings, camouflage 1, gelatinous body 1,
nimble swimmer 1, tentacles
a: no special abilities


You were in a sewer.
You visited 1 branch of the dungeon, and saw 3 of its levels.
You also visited: Sewer.

You collected 15 gold pieces.

Inventory:

Hand Weapons
 b - a +0 short sword
   (You took it off a kobold on level 2 of the Dungeon)
 c - a +1 dagger of venom (weapon)
   (You took it off a goblin on level 2 of the Dungeon)
 e - a +2 heavy flail
   (You took it off an orc on level 3 of the Dungeon)
Scrolls
 d - a scroll of fear
Potions
 a - a potion of magic


   Skills:
 - Level 2.0 Dodging
 - Level 2.6 Stealth
 + Level 3.1 Spellcasting
 - Level 1.0 Conjurations
 * Level 5.4 Alchemy


You had one spell level left.
You knew the following spells:

 Your Spells              Type           Power      Damage    Failure   Level
a - Sting                 Conj/Alch      56%        1d6       4%          1
b - Olgreb's Toxic Radia  Alch           22%        N/A       17%         4
c - Sticky Flame          Fire/Alch      12%        2d5       45%         4

Your spell library contained the following spells:

 Spells                   Type           Power      Damage    Failure   Level
 Mercury Vapours          Alch/Air       24%        N/A       8%          2
 Mephitic Cloud           Conj/Alch/Air  10%        N/A       21%         3


Dungeon Overview and Level Annotations

Branches:
Dungeon (3/15)              Sewer (1/1)

Altars:


Innate Abilities, Weirdness & Mutations

You cannot wear most types of armour.
You are amphibious.
You can wear up to eight rings at the same time.
Your skin changes colour to match your surroundings (Stealth+).
Your rubbery body absorbs attacks. (AC +1, EV +1)
You are camouflaged when in or above water. (Stealth+)
You have tentacles for arms and can constrict up to eight enemies at once.


Message History

Aim: an endoplasm (wandering, hasn't noticed you, 98% to hit)
The sting hits the endoplasm.
The endoplasm is poisoned.
The endoplasm is lightly wounded.
The endoplasm quivers.
A rat comes into view.
Casting: Sting (safe; 4% risk of failure)
Confirm with . or Enter, or press ? or * to list all spells.
Aiming: Sting (safe; 4% risk of failure)
Press: ? - help, Shift-Dir - straight line, f/p - endoplasm
Aim: an endoplasm (lightly wounded, poisoned, 98% to hit)
The sting hits the endoplasm.
The endoplasm looks even sicker.
The endoplasm is moderately wounded.
The endoplasm closely misses you.
You hit the endoplasm but do no damage. You squeeze the endoplasm.
You kill the endoplasm!
Casting: Sting (safe; 4% risk of failure)
Confirm with . or Enter, or press ? or * to list all spells.
You don't have enough magic to cast this spell.
You enter the shallow water.
A rat comes into view.
The rat barely misses you.
The rat moves out of view.
You barely miss the rat. You grab the rat.
You squeeze the rat, but do no damage. You constrict the rat.
The rat closely misses you.
You hit the rat.
You kill the rat!
You see here a rat corpse.
You enter the shallow water.
The rat closely misses you.
You completely miss the rat. Your grab misses the rat.
Your squeeze misses the rat. The rat bites you.
You hit the rat.
You kill the rat!
No target in view!
No target in view!
This spell is astonishingly dangerous to cast!
You start memorising the spell.
You continue memorising. x4
You finish memorising.
Spell assigned to 'c'.
Casting: Sting (safe; 4% risk of failure)
Confirm with . or Enter, or press ? or * to list all spells.
Aiming: Sting (safe; 4% risk of failure)
Press: ? - help, Shift-Dir - straight line, f - rat
Aim: a rat (wandering, hasn't noticed you, 74% to hit)
The sting hits the rat but does no damage.
The rat is poisoned.
The rat squeaks loudly.
You enter the deep water.
Casting: Sting (safe; 4% risk of failure)
Confirm with . or Enter, or press ? or * to list all spells.
Aiming: Sting (safe; 4% risk of failure)
Press: ? - help, Shift-Dir - straight line, f/p - rat
Aim: a rat (moderately wounded, poisoned, 74% to hit)
The sting hits the rat.
The rat looks even sicker.
You kill the rat!
A rat comes into view.
You start resting.
A rat is nearby!
A rat is nearby!
Casting: Sting (safe; 4% risk of failure)
Confirm with . or Enter, or press ? or * to list all spells.
Aiming: Sting (safe; 4% risk of failure)
Press: ? - help, Shift-Dir - straight line, f - rat
Aim: a rat (wandering, hasn't noticed you, 74% to hit)
The sting hits the rat.
The rat is poisoned.
You kill the rat!
No target in view!
HP restored.
You enter the shallow water.
The kobold brigand shouts! x2; The kobold shouts! x2
The kobold shouts! x2
Found a ring mail.
Found a falchion.
Found a falchion.
Unknown command.
Magic restored.
You open the door.
A kobold brigand is nearby!
A kobold brigand is nearby!
A kobold brigand is nearby!
Unknown command.
Press: ? - help, v - describe, . - travel
Here: a kobold brigand, wielding a +0 short sword and quivering curare-tipped darts The floor.
Unknown command.
Unknown command.
You start waiting.
A kobold brigand is nearby!
The kobold brigand hits you with a +0 short sword!
Casting: Sting (safe; 4% risk of failure)
Confirm with . or Enter, or press ? or * to list all spells.
You miscast Olgreb's Toxic Radiance.
You are very lightly contaminated with residual magic.
There is a flash of cinnabar.
You are poisoned.
You feel very sick.
The kobold brigand hits you with a +0 short sword.
It was a potion of degeneration.
There was something very wrong with that liquid.
You feel weakened.
You feel dopey.
You feel clumsy.
You feel very sick.
The kobold brigand hits you with a +0 short sword.
* * * LOW HITPOINT WARNING * * *
Are you sure you want to abandon this character and quit the game? (Confirm with "yes".)

#≈≈≈≈≈≈≈≈≈≈≈≈≈≈≈≈≈≈≈≈≈≈≈≈≈≈≈≈
###############≈≈≈≈≈≈########
#!.#KK#≈#≈#≈##K.#K)#
#...K.##≈#≈#≈#[....#
##...##≈#≈#≈###...##
#.....##≈#≈#≈#.....#
#.....#≈#≈#≈##.....#
###K####≈#≈#≈###'###
#...@≈≈≈≈≈≈≈~≈~....#
#...~~≈≈≈≈≈≈~~~....#
#....~≈≈≈≈≈≈≈~~....#
#.....≈≈≈≈≈≈≈~#....#
##...~≈≈≈≈≈≈≈##....#
#....≈≈≈≈≈≈≈#.....#
##....≈≈≈≈≈~~......#
##....~≈≈≈≈≈≈......##
#.....~~~≈≈≈†~....##


You could see a kobold brigand.

Vanquished Creatures
  5 adders
  4 river rats (Sewer)
  3 ribbon worms (D:3)
  3 orcs (D:3)
  5 ball pythons
  An endoplasm (Sewer)
  A giant cockroach (D:3)
  A hobgoblin (D:3)
  3 jackals (D:1)
  A quokka (D:3)
  4 bats
  2 frilled lizards (Sewer)
  A goblin (D:2)
  3 kobolds
  21 rats
58 creatures vanquished.

Notes
Turn   | Place    | Note
-------+----------+-------------------------------------------
     0 | D:1      | Flugslaktarn the Octopode Alchemist began the quest for the
                  | Orb.
     0 | D:1      | Reached XP level 1. HP: 11/11 MP: 3/3
    85 | D:2      | Reached XP level 2. HP: 17/17 MP: 0/5
   302 | D:3      | Reached skill level 4 in Alchemy
   464 | D:3      | Reached XP level 3. HP: 21/21 MP: 3/6
   507 | D:3      | Found a glowing drain.
   516 | Sewer    | Entered a sewer
   554 | Sewer    | HP: 1/21 [river rat (6)]
   594 | Sewer    | Reached XP level 4. HP: 6/27 MP: 1/8
   684 | Sewer    | Learned a level 4 spell: Olgreb's Toxic Radiance
   706 | Sewer    | Reached skill level 5 in Alchemy
   772 | Sewer    | Reached XP level 5. HP: 26/31 MP: 0/9
   817 | Sewer    | Learned a level 4 spell: Sticky Flame
   862 | Sewer    | Noticed a kobold brigand
   863 | Sewer    | Noticed a kobold brigand
   927 | Sewer    | Quit the game

Illustrated notes

Levels and vault maps discovered:
D:1:      matt_arrival_grand_opening, layout_basic, roderic_lattice_a,
          chequers_serial_rivers_micro_e, columned_hall_lemuel,
          nrook_loot_triangle, minmay_misc_feat_room
D:2:      layout_loops_ring, uniq_terence
D:3:      layout_loops_ring, mainiacjoe_overflow_swirl, gup_sewer_entry_bubbles
Sewer:    sewer_minmay_treatment

Skill      XL: |  1  2  3  4 |
---------------+-------------+-----
Alchemy        | 4 5 |  5.4
Spellcasting   | 3 |  3.1
Dodging        | |  2.0
Stealth        | |  2.6
Conjurations   | |  1.0

Action                     |  1- 3 |  4- 6 || total
---------------------------+-------+-------++-------
  Melee: Unarmed           |    13 |       ||    13
         Tentacles         |     7 |     3 ||    10
         Constrict         |     7 |     2 ||     9
         Dagger            |    24 |    10 ||    34
   Cast: Sting             |    36 |    12 ||    48
         Olgreb's Toxic Ra |       |     3 ||     3
    Use: Scroll            |     1 |       ||     1
         Potion            |       |     1 ||     1
 Armour: Skin              |    16 |    11 ||    27
  Dodge: Dodged            |    24 |     9 ||    33

Table legend: (Time is in decaauts)
 A = Elapsed time spent in this place.
 B = Non-inter-level travel time spent in this place.
 C = Inter-level travel time spent in this place.
 D = Time resting spent in this place.
 E = Time spent auto-exploring this place.
 F = Levels seen in this place.
 G = Mean time per level.
                   A        B        C        D        E       F      G
               +--------+--------+--------+--------+--------+-----+--------+
         Total |    925 |    860 |     65 |    153 |    187 |   4 |  231.2 |
       Dungeon |    514 |    449 |     65 |      0 |     87 |   3 |  171.3 |
         Sewer |    410 |    410 |      0 |    153 |    100 |   1 |  410.0 |
               +--------+--------+--------+--------+--------+-----+--------+

Top non-repeatable levels by time:
   Sewer: 410 daAuts
     D:3: 334 daAuts
     D:2: 131 daAuts
     D:1: 49 daAuts
